 Dungeon Crawl Stone Soup version 0.31-a0-859-g9dce7d3444 (webtiles) character file.

Game seed: 16799161023292577436

861 Gladio the Chopper (level 7, -6/63 HPs)
             Began as a Minotaur Fighter on Oct 10, 2023.
             Killed by divine providence
             ... invoked by an orc priest
              (15 damage)
             ... on level 6 of the Dungeon.
             The game lasted 00:08:07 (3993 turns).

Gladio the Chopper (Minotaur Fighter)               Turns: 3993, Time: 00:08:07

Health: -6/63      AC: 11    Str: 22    XL:     7   Next: 71%
Magic:  6/6        EV: 23    Int:  5    God:
Gold:   254        SH:  5    Dex: 10    Spells: 6/6 levels left

rFire   . . .        a - +0 war axe
rCold   . . .        c - +0 buckler
rNeg    . . .        m - +0 chain mail
rPois   .            (helmet restricted)
rElec   .            (no cloak)
rCorr   .            (no gloves)
SInv    .            k - +0 pair of boots
Will    .....        p - amulet of the acrobat Stlth
                     (no ring)
HPRegen 0.30/turn    (no ring)
MPRegen 0.10/turn

%: acrobat
@: about to teleport, acrobatic
A: horns 2, retaliatory headbutt
a: no special abilities


You were on level 6 of the Dungeon.
You visited 1 branch of the dungeon, and saw 6 of its levels.
You also visited: Ossuary.

You collected 254 gold pieces.

Inventory:

Hand Weapons
 a - a +0 war axe (weapon)
Missiles
 o - 6 atropa-tipped darts (quivered)
Armour
 b - a +0 scale mail
 c - a +0 buckler (worn)
 k - a +0 pair of boots (worn)
 m - a +0 chain mail (worn)
Jewellery
 f - a ring of resist corrosion
 i - a ring of protection from cold
 l - a ring of ice
 p - an amulet of the acrobat (around neck)
Scrolls
 g - a scroll of acquirement {unknown}
 h - 4 scrolls of teleportation
 j - a scroll of torment {unknown}
 t - 8 scrolls of noise
 v - a scroll of fog {unknown}
 y - 2 scrolls of fear
 A - a scroll of identify {unknown}
 B - 2 scrolls of enchant weapon {unknown}
 C - a scroll of immolation
Potions
 d - 2 potions of might
 e - a potion of cancellation {unknown}
 q - 2 potions of curing
 r - 3 potions of haste {unknown}
 s - a potion of enlightenment {unknown}
 u - 2 potions of berserk rage {unknown}
 w - a potion of magic {unknown}
 x - 3 potions of heal wounds {unknown}
 z - 2 potions of invisibility {unknown}
 D - a potion of lignification {unknown}


   Skills:
 + Level 6.0 Fighting
 * Level 7.0 Axes
 + Level 5.9 Armour
 + Level 5.8 Shields


You had 6 spell levels left.
You didn't know any spells.
Your spell library contained the following spells:

 Spells                   Type           Power      Damage    Failure   Level
 Blink                    Tloc           0%         N/A       99%         2
 Lesser Beckoning         Tloc           0%         N/A       99%         2
 Momentum Strike          Conj/Tloc      0%         3d8       99%         2


Dungeon Overview and Level Annotations

Branches:
Dungeon (6/15)            Ossuary (visited)
 Temple: D:4-7

Altars:
Elyvilon
Zin

Shops:
D:5 (


Innate Abilities, Weirdness & Mutations

You have a pair of horns on your head.
You reflexively headbutt those who attack you in melee.


Message History

The orc priest calls down the wrath of Beogh upon you.
Pain shoots through your body! The orc priest barely misses you.
You furiously retaliate!
You headbutt the orc priest. You hit the orc priest.
Your headbutt misses the orc priest.
The orc priest is moderately wounded.
The orc priest calls down the wrath of Beogh upon you.
Beogh smites you!
You closely miss the orc priest.
The orc priest is moderately wounded.
You hear some strange, mumbled words.
Something tries to affect you, but you resist.
The orc priest closely misses you. You block the orc's attack.
You hear some strange, mumbled words.
Something tries to affect you, but you resist.
You slash the orc priest!
The orc priest is almost dead.
You miss something.
The orc priest hits you but does no damage.
Something hits you but does no damage. The orc barely misses you.
You closely miss the orc priest. Your headbutt misses the orc priest.
The orc priest is almost dead.
You miss something.
The orc priest mumbles some strange prayers to Beogh against you.
Pain shoots through your body!
* * * LOW HITPOINT WARNING * * *
The orc hits you from afar with a +0 trident.
* * * LOW HITPOINT WARNING * * *
Something hits you.
* * * LOW HITPOINT WARNING * * *
Blink to where?
Press: ? - help, Q - select action, (/) - cycle Dir - move target
As you read the scroll of blinking, it crumbles to dust.
As you read the scroll of teleportation, it crumbles to dust.
You feel strangely unstable.
It was a potion of curing.
You feel better.
The orc priest calls upon Beogh to heal the orc.
The orc priest calls down the wrath of Beogh upon you.
Beogh smites you!
You die...

...#
##.....###.#
#.#. ##...##
...## ##'###
#.# ####...##
#.# #.......#
#.P._.P.#
#.......#
##.....##
##.@.## ##.##
#.#####.####.#
.............#
#.#####.######
#o# #{#######
#o......#
#s#####.#


You could see an orc priest and an orc.

Vanquished Creatures
  A water moccasin (D:5)
  An ogre (D:5)
  2 scorpions
  A hound (D:5)
  A human zombie (Ossuary)
  3 orc priests
  A jelly (D:5)
  2 iguanas
  2 orc wizards (D:5)
  4 mummies (Ossuary)
  3 gnolls (D:5)
  5 adders
  2 ufetubi (D:5)
  3 dart slugs
  13 orcs
  7 endoplasms
  7 giant cockroaches
  3 gnoll zombies (Ossuary)
  15 goblins
  12 hobgoblins
  3 jackals (D:1)
  7 kobolds
  6 quokkas
  4 ball pythons
  4 bats
  3 frilled lizards
  2 goblin zombies (Ossuary)
  A hobgoblin zombie (Ossuary)
  An orc zombie (Ossuary)
  A rat (D:2)
120 creatures vanquished.

Notes
Turn   | Place    | Note
-------+----------+-------------------------------------------
     0 | D:1      | Gladio the Minotaur Fighter began the quest for the Orb.
     0 | D:1      | Reached XP level 1. HP: 19/19 MP: 0/0
   157 | D:1      | Reached XP level 2. HP: 27/27 MP: 1/1
   237 | D:1      | Reached skill level 3 in Axes
   419 | D:1      | Reached XP level 3. HP: 33/33 MP: 2/2
  1059 | D:2      | Reached XP level 4. HP: 40/40 MP: 3/3
  1500 | D:3      | Found a faded altar of an unknown god.
  1572 | D:3      | You fall into a shaft and drop 1 floor!
  1660 | D:4      | Reached skill level 4 in Axes
  1695 | D:4      | Found a white marble altar of Elyvilon.
  1707 | D:4      | Noticed a scorpion
  1712 | D:4      | Killed a scorpion
  1713 | D:4      | Reached XP level 5. HP: 43/47 MP: 4/4
  2079 | D:4      | Reached skill level 5 in Axes
  2165 | D:3      | Identified the +1 robe of the Yeti {Dex+3}
  2620 | D:5      | Entered Level 5 of the Dungeon
  2632 | D:5      | Reached XP level 6. HP: 50/55 MP: 5/5
  2636 | D:5      | Reached skill level 5 in Fighting
  2668 | D:5      | Reached skill level 5 in Armour
  2691 | D:5      | Found Ylatras's Antique Weapon Shop.
  2745 | D:5      | Found a sand-covered staircase.
  2754 | Ossuary  | Entered an ossuary
  2774 | Ossuary  | Reached skill level 5 in Shields
  3170 | D:5      | Reached skill level 6 in Axes
  3170 | D:5      | Reached XP level 7. HP: 32/61 MP: 6/6
  3938 | D:6      | Reached skill level 7 in Axes
  3955 | D:6      | Found a glowing silver altar of Zin.
  3989 | D:6      | HP: 3/63 [something (4)]
  3993 | D:6      | Killed from afar by an orc priest

Illustrated notes

Levels and vault maps discovered:
D:1:      lemuel_arrival_room, layout_loops_ring
D:2:      layout_basic
D:3:      layout_basic, dilly_ecumenical_altar_fadedgnrine
D:4:      kennysheep_the_goblin_king, layout_rooms, old_standard_altar
D:5:      layout_loops_ring, serial_shops, nicolae_shop_behind_doors,
          lightli_ossuary_entry_decrepit_ruins
D:6:      black_bear_nest_1, layout_loops_corners, dancing_weapons_uskayaw,
          mainiacjoe_overflow_tiny_flanked, minmay_temple_entry_nine_rooms,
          st_stairs_2, chequers_jeans

Skill      XL: |  1  2  3  4  5  6  7 |
---------------+----------------------+-----
Axes           | 3 4 5 6 7 |  7.0
Fighting       | 4 5 6 |  6.0
Armour         | 4 5 |  5.9
Shields        | 4 5 |  5.8

Action                     |  1- 3 |  4- 6 |  7- 9 || total
---------------------------+-------+-------+-------++-------
  Melee: War axe           |    60 |   151 |    49 ||   260
         Headbutt          |     7 |    21 |     7 ||    35
    Use: Scroll            |     2 |     3 |     2 ||     7
         Potion            |       |     1 |     1 ||     2
 Armour: Scale mail        |    20 |       |       ||    20
         Chain mail        |    12 |    92 |    38 ||   142
  Dodge: Dodged            |    24 |    66 |    11 ||   101
  Block: Buckler           |    10 |    24 |    14 ||    48

Table legend: (Time is in decaauts)
 A = Elapsed time spent in this place.
 B = Non-inter-level travel time spent in this place.
 C = Inter-level travel time spent in this place.
 D = Time resting spent in this place.
 E = Time spent auto-exploring this place.
 F = Levels seen in this place.
 G = Mean time per level.
                   A        B        C        D        E       F      G
               +--------+--------+--------+--------+--------+-----+--------+
         Total |   4067 |   3704 |    363 |      7 |   2945 |   7 |  581.0 |
       Dungeon |   3796 |   3433 |    363 |      0 |   2784 |   6 |  632.7 |
       Ossuary |    271 |    271 |      0 |      7 |    161 |   1 |  271.0 |
               +--------+--------+--------+--------+--------+-----+--------+

Top non-repeatable levels by time:
     D:5: 976 daAuts
     D:2: 786 daAuts
     D:3: 651 daAuts
     D:1: 645 daAuts
     D:4: 585 daAuts
 Ossuary: 271 daAuts
     D:6: 151 daAuts
